cohdb
Replays
Latest Replays
All Replays
Popular Replays
Top Player Replays
Match Explorer
How It Works
Community
CoH3 Stats
Reddit
Sign in to upload your games and track your stats! →
Sign in with Steam
Match 43696521
Unlisted
Match 43696521
Overview
Messages
Build Orders
End
Engineer Squad
Construct Barracks
Riflemen Squad
Riflemen Squad
1⁄4-ton 4x4 Truck
M1 Mortar Team
Grenade Package
Riflemen Squad
Riflemen Squad
Construct Medical Station
Infantry Support Center
Selects Heavy Weapons
Selects Assault Carriers
Selects Halftrack Strongpoints
Construct Tank Depot
Demolitions Package
Construct Motor Pool
M1 Anti-tank Gun Team
M1 Anti-tank Gun Team
Construct Weapon Support Center
M4A1 Sherman Medium Tank
M4A1 Sherman Medium Tank
M1918 Browning Automatic Rifles
Selects M26 Pershing Heavy Tank
Engineer Squad
Engineer Squad
M26 Pershing Heavy Tank
Selects M2HB .50cal Heavy Machine Gun
Selects Gallant Stand
M4(105) Sherman Bulldozer
M1 Anti-tank Gun Team
M1 Anti-tank Gun Team
Selects Black Dragon Artillery Barrage
M1919 Machine Gun Team
Black Dragon Artillery Barrage
Engineer Squad
Engineer Squad
Engineer Squad
Survival Training
Munitions Surplus
Riflemen Squad
Black Dragon Artillery Barrage
M4A1 Sherman Medium Tank
M4A1 Sherman Medium Tank
M4A1 Sherman Medium Tank
Black Dragon Artillery Barrage
M26 Pershing Heavy Tank
M3 Assault Carrier
M3 Assault Carrier
M3 Assault Carrier
rdk
clear
lol
Husker
JOSHPAZ89
matrix4x4
KITSU.CL
KAF09
0
0
Comments
sign in to comment!
No comments posted yet!